 Dungeon Crawl Stone Soup version 0.24.0-123-gd5b16e6ec5 (webtiles) character file.

Game seed: 14243041935850495627, levelgen mode: deterministic

148 harbin the Poker (level 5, -4/35 HPs)
             Began as a Merfolk Gladiator on Jan 24, 2020.
             Was an Initiate of Hepliaklqana.
             Slain by a hornet (11 damage)
             ... on level 3 of the Dungeon.
             The game lasted 00:04:33 (3052 turns).

harbin the Poker (Merfolk Gladiator)                Turns: 3052, Time: 00:04:33

Health: -4/35      AC:  9    Str: 16    XL:     5   Next: 30%
Magic:  5/5        EV: 14    Int: 15    God:    Hepliaklqana [......]
Gold:   256        SH:  0    Dex: 15    Spells: 4/4 levels left

rFire    . . .     SeeInvis .   a - +0 trident
rCold    . . .     Gourm    .   (no shield)
rNeg     . . .     Faith    .   p - +3 leather armour
rPois    .         Spirit   .   t - +2 hat {Int+3}
rElec    .         Reflect  .   s - scarf {cloud immunity}
rCorr    .         Harm     .   g - +0 pair of gloves
MR       .....                  (no boots)
Stlth    +.........             (no amulet)
HPRegen  0.11/turn              (no ring)
MPRegen  0.09/turn              (no ring)

@: brilliant, slowed, very slow
A: change form in water, swift swim, stealthy swim, reduced essence
a: Recall Ancestor, Ancestor Identity, Renounce Religion


You were on level 3 of the Dungeon.
You worshipped Hepliaklqana.
Hepliaklqana was noncommittal.
You were not hungry.

You visited 1 branch of the dungeon, and saw 3 of its levels.

You collected 256 gold pieces.

Inventory:

Hand Weapons
 a - a +0 trident (weapon)
Missiles
 d - 3 throwing nets
 o - 10 poisoned darts (quivered)
 w - 4 boomerangs
Armour
 b - a +0 leather armour
 c - a +0 helmet
 g - a +0 pair of gloves (worn)
 p - a +3 leather armour (worn)
 s - a scarf of cloud immunity (worn)
 t - a +2 hat of intelligence (worn)
Jewellery
 q - a +3 ring of intelligence {unknown}
Scrolls
 h - 3 scrolls of remove curse {unknown}
 j - a scroll of immolation {unknown}
 k - 2 scrolls of noise {unknown}
 l - 4 scrolls of teleportation {unknown}
 m - 2 scrolls of identify {unknown}
 n - 2 scrolls of enchant armour {unknown}
 r - 2 scrolls of amnesia {unknown}
Potions
 i - a potion of flight {unknown}
 u - a potion of resistance {unknown}
 v - a potion of lignification {unknown}
 z - a potion of haste {unknown}
Comestibles
 f - 4 rations
 x - 4 chunks of flesh


   Skills:
 + Level 2.7 Fighting
 + Level 6.8 Polearms
 + Level 2.1 Throwing
 * Level 1.9 Armour
 - Level 4.0 Dodging


You had 4 spell levels left.
You didn't know any spells.
Your spell library was empty.

Dungeon Overview and Level Annotations

Branches:
Dungeon (3/15)

Altars:
Hepliaklqana
Makhleb
Uskayaw


Message History

Throwing (i - inventory. (/) - cycle)
o - 11 poisoned darts (quivered)
Press: ? - help, Shift-Dir - straight line, f - hornet
Aim: a hornet You throw a poisoned dart.
The poisoned dart hits the hornet.
The hornet is poisoned.
The hornet stings you!
You suddenly lose the ability to move!
The hornet stings you but does no damage.
The hornet stings you!
* * * LOW HITPOINT WARNING * * *
You feel yourself slow down. The hornet stings you.
* * * LOW HITPOINT WARNING * * *
You feel as though you will be slow longer.
You can move again.
It was a potion of brilliance.
You feel clever all of a sudden.
The hornet stings you but does no damage.
The hornet closely misses you.
It was a potion of magic.
Magic courses through your body.
The hornet looks more healthy.
The hornet stings you!
You die...

# ##.....÷##..## #....##..R..#
###....÷.##....# #..#######..#
##......##..## #.##........#
#......###...### #.##.###..###
#+#......###.y.###.##.###..# #
###...÷..###...#)##.#....#### #
###......###K#.##...<.....# #
###......#y#.....[....##### #
###.....@#.#.#.#.)....... #
###......#.#...#..##### #
###..#...###.#..#####
##################.......#......#
............................###.#
########.....(.....#####....# #..
#....#...........###.# ###
#............#....##.#
###........#.#.#.....#


You could see a hornet and a kobold.

Vanquished Creatures
  A hound skeleton (D:3)
  4 adders
  4 worms
  An adder skeleton (D:3)
  A dart slug (D:3)
  A leopard gecko (D:3)
  An orc (D:3)
  2 giant cockroaches
  7 goblins
  5 hobgoblins
  6 kobolds
  A quokka (D:3)
  A ball python (D:1)
  3 bats
  7 frilled lizards
  7 rats
52 creatures vanquished.

Vanquished Creatures (collateral kills)
  A hound skeleton (D:3)
  An adder (D:2)
  A worm (D:2)
  A leopard gecko (D:3)
  An orc (D:3)
  A bat (D:3)
  A giant cockroach (D:3)
  A hobgoblin (D:3)
8 creatures vanquished.

Vanquished Creatures (others)
  An ancestor (D:3)
1 creature vanquished.

Grand Total: 61 creatures vanquished

Notes
Turn   | Place    | Note
-------+----------+-------------------------------------------
     0 | D:1      | harbin the Merfolk Gladiator began the quest for the Orb.
     0 | D:1      | Reached XP level 1. HP: 16/16 MP: 1/1
   323 | D:1      | Reached XP level 2. HP: 19/22 MP: 2/2
   381 | D:1      | Reached skill level 5 in Polearms
  1226 | D:2      | Reached XP level 3. HP: 20/28 MP: 3/3
  1407 | D:2      | Reached skill level 1 in Armour
  1415 | D:2      | Found a hazy altar of Hepliaklqana.
  1645 | D:2      | Found a burning altar of Makhleb.
  1645 | D:2      | Found a hide-covered altar of Uskayaw.
  1691 | D:2      | Became a worshipper of Hepliaklqana the Forgotten
  2081 | D:2      | Reached XP level 4. HP: 20/30 MP: 4/4
  2252 | D:2      | Reached skill level 6 in Polearms
  2828 | D:3      | Reached XP level 5. HP: 35/35 MP: 5/5
  3040 | D:3      | Noticed a hornet
  3048 | D:3      | Paralysed by a hornet for 2 turns
  3052 | D:3      | Slain by a hornet

Levels and vault maps discovered:
D:1:      evilmike_arrival_run_for_it, layout_basic
D:2:      layout_basic, gammafunk_temple_overflow_wave,
          nicolae_overflow_crystal_walls
D:3:      minmay_razor_zed, layout_basic, grunt_qazlal_clouds, serial_undead,
          serial_undead_d, serial_undead_f, serial_undead_e, serial_undead_b,
          minmay_circle_x

Skill      XL: |  1  2  3  4 |
---------------+-------------+-----
Polearms       | 5 6 |  6.8
Armour         | 1 |  1.9
Fighting       | |  2.7
Throwing       | |  2.1
Dodging        | |  4.0

Action                   |  1- 3 |  4- 6 || total
-------------------------+-------+-------++-------
Melee: Trident           |    96 |    68 ||   164
Throw: Dart              |       |     1 ||     1
  Use: Potion            |       |     2 ||     2
 Stab: Sleeping          |     1 |     1 ||     2
  Eat: Chunk             |     3 |       ||     3
       Ration            |       |     1 ||     1
Armor: Leather armour    |    19 |    29 ||    48
Dodge: Dodged            |    41 |    47 ||    88
